 Dungeon Crawl Stone Soup version bcrawl-1.23.3-19-gdc5968f444 (webtiles) character file.

Game seed: 150618617067259020

78 Anathary the Ducker (level 4, -7/30 HPs)
             Began as a Fairy Fighter on June 9, 2020.
             Killed from afar by an orc wizard (10 damage)
             ... with a magic dart
             ... on level 3 of the Dungeon.
             The game lasted 00:05:19 (1432 turns).

Anathary the Ducker (Fairy Fighter)                 Turns: 1432, Time: 00:05:20

Health: -7/30      AC:  4    Str: 14    XL:     4   Next: 36%
Magic:  6/6        EV: 12    Int: 12    God:
Gold:   224        SH: 14    Dex: 12    Spells: 3/3 levels left

rFire    . . .     SeeInvis .   a - +0 rapier
rCold    . . .     Gourm    .   b - +0 medium shield
rNeg     . . .     Faith    .   (armour unavailable)
rPois    .         Spirit   .   (no helmet)
rElec    .         Reflect  .   (no cloak)
rCorr    .         Harm     .   (no gloves)
MR       .....                  (no boots)
Stlth    ..........             (no amulet)
HPRegen  0.10/turn              (no ring)
MPRegen  0.10/turn              (no ring)

@: flying evasively
A: small, magic attunement, unstealthy, unfitting armour, able to fly, AC/SH +4
a: Stop Flying


You were on level 3 of the Dungeon.
You were not hungry.

You visited 1 branch of the dungeon, and saw 3 of its levels.

You collected 224 gold pieces.

Inventory:

Hand Weapons
 a - a +0 rapier (weapon)
Armour
 b - a +0 medium shield (worn)
Scrolls
 f - a scroll of amnesia {unknown}
 g - 3 scrolls of teleportation {unknown}
 i - a scroll of identify {unknown}
 l - 2 scrolls of remove curse {unknown}
 o - a scroll of fear {unknown}
 p - a scroll of immolation {unknown}
Potions
 c - 2 potions of might
 d - a potion of resistance {unknown}
 h - 2 potions of degeneration {unknown}
 j - 3 potions of curing {unknown}
 k - a potion of flight {unknown}
 n - a potion of invisibility {unknown}
 q - a potion of mutation {unknown}
Comestibles
 e - 4 rations {!d}


   Skills:
 - Level 2.6 Fighting
 + Level 3.2 Short Blades
 + Level 4.8 Dodging
 + Level 4.6 Shields


You had 3 spell levels left.
You didn't know any spells.
Your spell library was empty.

Dungeon Overview and Level Annotations

Branches:
Dungeon (3/12)

Altars:
Ashenzari
Dithmenos


Innate Abilities, Weirdness & Mutations

Your spells do not cause hunger and MP costs are reduced by 1.
Your bright wings attract enemies. (Stealth-)
You cannot fit into any form of body armour.
Your shimmering scales are hard and can block incoming attacks. (AC +4, SH +4)
You are small and have problems with some larger weapons.
You can fly continuously.


Message History

The orc wizard blinks!
You hit the orc wizard.
The orc wizard is moderately wounded.
You block the orc wizard's attack. The orc wizard barely misses you.
You hit the orc wizard.
The orc wizard is severely wounded.
You block the orc wizard's attack. The orc wizard misses you.
The orc wizard hits you with a cursed -2 dagger.
* * * LOW HITPOINT WARNING * * *
You block the orc wizard's attack.
You hit the orc wizard.
The orc wizard is severely wounded.
The orc wizard is no longer moving quickly.
You block the orc wizard's attack.
The orc wizard casts a spell.
The orc wizard flickers and vanishes!
Deactivating autopickup; reactivate with Ctrl-A.
The orc wizard gestures at you while chanting.
The magic dart hits you!
You die...

#..# #..#
#..#
#..#####.#
#..)oo....
#.######.#
#o# #{#
#@# #o#
#.# #.#
#.# .##
#.# ..
###.#
###.#
#...# ....
#.###
#####..#


You could see an orc wizard and an orc.

Vanquished Creatures
  2 adders
  An ooze (D:1)
  4 dart slugs
  A leopard gecko (D:1)
  2 orcs (D:3)
  A bat (D:2)
  3 giant cockroaches
  5 goblins
  8 hobgoblins
  2 jackals (D:1)
  7 kobolds
  A frilled lizard (D:2)
  3 rats (D:1)
40 creatures vanquished.

Notes
Turn   | Place    | Note
-------+----------+-------------------------------------------
     0 | D:1      | Anathary the Fairy Fighter began the quest for the Orb.
     0 | D:1      | Reached XP level 1. HP: 15/15 MP: 3/3
    58 | D:1      | Reached XP level 2. HP: 18/20 MP: 4/4
   422 | D:1      | Reached XP level 3. HP: 24/25 MP: 5/5
   573 | D:1      | Found a shattered altar of Ashenzari.
   950 | D:2      | Found a shadowy altar of Dithmenos.
  1212 | D:2      | Reached XP level 4. HP: 30/30 MP: 6/6
  1432 | D:3      | Killed from afar by an orc wizard

Skill      XL: |  1  2  3 |
---------------+----------+-----
Shields        | 4 |  4.6
Short Blades   | 3 |  3.2
Fighting       | |  2.6
Dodging        | |  4.8

Action                   |  1- 3 |  4- 6 || total
-------------------------+-------+-------++-------
Melee: Rapier            |   114 |    37 ||   151
  Eat: Chunk             |     1 |     1 ||     2
Armor: Skin              |     8 |     5 ||    13
Dodge: Dodged            |    34 |    10 ||    44
Block: Medium shield     |    76 |    30 ||   106
